 Dungeon Crawl Stone Soup version 0.25.1-2-g60ff931df9 (webtiles) character file.

Game seed: 6909543293950069489

148326 DogServant the Black Belt (level 17, -17/146 HPs)
             Began as a Merfolk Transmuter on Oct 17, 2020.
             Was a Follower of Uskayaw.
             Shot with an arrow by a naga sharpshooter (20 damage)
             ... led by Vashnia
             ... on level 2 of the Snake Pit on Oct 18, 2020.
             The game lasted 01:29:27 (32572 turns).

DogServant the Black Belt (Merfolk Transmuter)     Turns: 32572, Time: 01:29:28

Health: -17/146    AC: 14    Str: 14    XL:     17   Next: 48%
Magic:  29/30      EV: 22    Int: 12    God:    Uskayaw [*.....]
Gold:   473        SH:  5    Dex: 19    Spells: 6/34 levels left

rFire    + . .     SeeInvis .     - Unarmed
rCold    . . .     Gourm    .   (shield currently unavailable)
rNeg     + + .     Faith    .   A - +3 troll leather armour
rPois    .         Spirit   .   P - +2 hat
rElec    +         Reflect  +   m - +2 cloak
rCorr    .         Harm     .   (gloves currently unavailable)
MR       ++...                  (no boots)
Stlth    ++........             Y - amulet of reflection
HPRegen  0.74/turn              t - ring of Impacog {+Fly rN++ Int-5 Slay+4}
MPRegen  0.22/turn              S - ring "Sotieh" {rElec MR+ Int+4 Stlth+}

@: lethally poisoned (-17 -> -17), blade hands, very slightly contaminated,
invisible
A: change form in water, swift swim, stealthy swim, icy blue scales 1, fire
resistance 1, robust 1, strong 1
a: End Transformation, Stomp, Renounce Religion, Evoke Flight


You were on level 2 of the Snake Pit.
You worshipped Uskayaw.
Uskayaw was aware of your devotion.
You were hungry.
You had blades for hands.
You visited 6 branches of the dungeon, and saw 29 of its levels.

You collected 2403 gold pieces.
You spent 1930 gold pieces at shops.

Inventory:

Missiles
 a - 531 arrows
 h - 21 javelins (quivered)
 j - 14 silver javelins
Armour
 m - a +2 cloak (worn)
 A - a +3 troll leather armour (worn)
 G - a +0 buckler (melded)
 P - a +2 hat (worn)
 Q - a +1 pair of gloves (melded)
Jewellery
 t - the ring of Impacog (left scythe-like blade) {+Fly rN++ Int-5 Slay+4}
   (You bought it in a shop on level 8 of the Dungeon)

   [ring of slaying]

   It affects your intelligence (-5).
   It affects your accuracy and damage with ranged weapons and melee attacks
   (+4).
   It greatly protects you from negative energy.
   It lets you fly.
 x - an uncursed ring of resist corrosion
 B - the ring "Lucranem" {rPois Int+2}
   (You found it on level 13 of the Dungeon)

   [ring of poison resistance]

   It affects your intelligence (+2).
   It protects you from poison.
 S - the ring "Sotieh" (right scythe-like blade) {rElec MR+ Int+4 Stlth+}
   (You found it on level 2 of the Lair of Beasts)

   [ring of protection from magic]

   It affects your intelligence (+4).
   It insulates you from electricity.
   It affects your resistance to hostile enchantments.
   It makes you more stealthy.
 Y - an amulet of reflection (around neck)
 Z - a +6 ring of dexterity
Wands
 b - a wand of polymorph (18)
 k - a wand of paralysis (18)
 q - a wand of digging (18)
 u - a wand of random effects (24)
 v - a wand of clouds (8)
 z - a wand of flame (14)
 D - a wand of acid (29)
 J - a wand of enslavement (10)
 N - a wand of disintegration (14)
 U - a wand of iceblast (9)
Scrolls
 e - 3 scrolls of magic mapping
 f - a scroll of identify
 g - a scroll of torment
 l - 13 scrolls of remove curse
 o - 8 scrolls of fog
 p - 2 scrolls of immolation
 y - 4 scrolls of enchant weapon
 H - 3 scrolls of fear
 O - 4 scrolls of teleportation
 R - a scroll of brand weapon
 W - 6 scrolls of amnesia
Potions
 i - 2 potions of curing
 n - 5 potions of lignification
 r - 3 potions of haste
 s - a potion of magic
 w - 2 potions of berserk rage
 C - 2 potions of mutation
 E - 3 potions of flight
 F - 3 potions of ambrosia
 I - a potion of invisibility
 K - 3 potions of cancellation
 L - 3 potions of might
 M - 2 potions of stabbing
 V - 5 potions of brilliance
Comestibles
 d - 30 rations
 T - 9 chunks of flesh


   Skills:
 - Level 11.7 Fighting
 - Level 13.0 Dodging
 - Level 4.0 Shields
 - Level 15.2 Unarmed Combat
 - Level 9.1 Spellcasting
 - Level 14.3 Transmutations
 + Level 10.9 Earth Magic
 - Level 7.0 Poison Magic
 - Level 11.0 Invocations
 + Level 7.2 Evocations


You had 6 spell levels left.
You knew the following spells:

 Your Spells              Type           Power        Failure   Level  Hunger
a - Beastly Appendage     Tmut           #####.       5%          1    None
b - Sticks to Snakes      Tmut           #####...     6%          2    None
c - Spider Form           Tmut/Pois      ####......   13%         3    ##.....
d - Blade Hands           Tmut           #####.....   17%         5    #####..
e - Olgreb's Toxic Radia  Pois           ###.....     45%         4    ####...
f - Blink                 Tloc           N/A          69%         2    None
g - Statue Form           Tmut/Erth      #####....    54%         6    #######
h - Alistair's Intoxicat  Tmut/Pois      ####....     36%         5    #####..

Your spell library contained the following spells:

 Spells                   Type           Power        Failure   Level  Hunger
 Petrify                  Tmut/Erth      #####...     14%         4    ####...
 Poisonous Vapours        Pois/Air       ##....       36%         2    None
 Ice Form                 Ice/Tmut       ###.....     43%         4    ####...
 Magic Dart               Conj           #...         58%         1    None
 Leda's Liquefaction      Hex/Erth       ###.......   58%         4    ####...
 Mephitic Cloud           Conj/Pois/Air  ##......     61%         3    ##.....
 Yara's Violent Unravell  Hex/Tmut       ###.......   67%         5    #####..
 Call Imp                 Summ           #.......     69%         2    None
 Slow                     Hex            #.......     69%         2    None
 Borgnjor's Vile Clutch   Necr/Erth      ###.......   83%         5    #####..
 Conjure Flame            Conj/Fire      #.......     85%         3    ##.....
 Recall                   Summ/Tloc      N/A          85%         3    ##.....
 Bolt of Magma            Conj/Fire/Erth ##........   96%         5    #####..
 Animate Dead             Necr           N/A          99%         4    ####...
 Cause Fear               Hex            #.........   99%         4    ####...
 Iron Shot                Conj/Erth      ###.......   99%         6    #######
 Silence                  Hex/Air        #.........   100%        5    #####..
 Death Channel            Necr           #.........   100%        6    #######
 Simulacrum               Ice/Necr       #.........   100%        6    #######
 Discord                  Hex            #.........   100%        8    #######
 Shatter                  Erth           ####......   100%        9    #######


Dungeon Overview and Level Annotations

Branches:
Dungeon (15/15)            Temple (1/1) D:4            Lair (6/6) D:11
 Shoals (3/4) Lair:3        Snake (2/4) Lair:4        Slime (0/5) Lair:5
    Orc (2/2) D:9             Elf (0/3) Orc:2        Vaults (0/5) D:13
 Depths (0/5) D:15

Altars:
Ashenzari
Cheibriados
Dithmenos
Elyvilon
Fedhas
Gozag
Hepliaklqana
Kikubaaqudgha
Makhleb
Nemelex Xobeh
Okawaru
Qazlal
Ru
Sif Muna
Trog
Uskayaw
Vehumet
Wu Jian
Xom
Yredelemnul
Zin
The Shining One
Beogh

Shops:
D:8 =   D:11 (   D:12 !   Orc:1 *   Orc:2 ??%?

Annotations:
D:3 1 runed translucent door, Crazy Yiuf
D:5 1 runed translucent door, Cykl0x's ghost, novice FoFi
D:8 Gastronok
Orc:1 2 transporters, Thomus's ghost, journeyman DECj


Innate Abilities, Weirdness & Mutations

You revert to your normal form in water.
You are very nimble and swift while swimming.
You are very stealthy in the water. (Stealth+)
You are partially covered in icy blue scales. (AC +2)
Your flesh is heat resistant. (rF+)
You are robust. (+10% HP)
Your muscles are strong. (Str +2)


Message History

The bolt hits you!
* * * LOW HITPOINT WARNING * * *
You fade into invisibility!
You feel sick.
The naga sharpshooter mumbles some strange words.
The naga sharpshooter magically shoots an arrow.
The arrow hits you!
* * * LOW HITPOINT WARNING * * *
You are very lightly contaminated with residual magic.
You can no longer pass through a line of other dancers.
As you read the scroll of fear, it crumbles to dust.
You assume a fearsome visage.
The naga sharpshooter resists with almost no effort.
The naga sharpshooter resists with some effort.
The naga sharpshooter looks frightened!
The salamander looks frightened!
You feel sick.
The naga sharpshooter mumbles some strange words.
The naga sharpshooter magically shoots an arrow.
The arrow hits you!!
You die...

.###.....
#...(........### #......
#......## #.....
#...<(..###### #.....
#......##....# #...^.
#.(.####.....##
#....##..(..........###
#...(#(..(#...........#.#
#.N.NN..@.#...........#..
#.#.N#...(#...........#..
####...######.#.....#..
##### #...##.......
#....#.####..
##........#..
#.......)).. #........#.)
####......).#.#


You could see 3 naga sharpshooters and a salamander (fleeing).

Vanquished Creatures
  Vashnia (Snake:2)
  Nikola (Shoals:2)
  Rupert (Lair:4)
  Asterion (Snake:1)
  Polyphemus (Shoals:2)
  Frances (Snake:1)
  Kirke (Snake:1)
  Louise (D:14)
  Nessos (D:14)
  2 merfolk javelineers
  Fannar (D:11)
  2 ogre magi (Orc:2)
  3 vault guards (D:13)
  4 anacondas (Snake:1)
  2 naga warriors (Snake:1)
  10 hydras
  12 two-headed ogres
  A centaur warrior (D:15)
  2 merfolk avatars
  2 catoblepae
  An anaconda (shapeshifter) (D:15)
  3 death yaks (Shoals:2)
  4 tengu warriors
  2 naga sharpshooters
  2 shock serpents (Snake:1)
  Sonja (Lair:4)
  2 salamander mystics
  4 skeletal warriors (D:14)
  2 deep trolls (Orc:2)
  6 sea snakes
  A naga ritualist (Snake:1)
  2 wizards
  Pikel (D:7)
  3 necromancers (D:13)
  4 harpies
  3 mana vipers (Snake:1)
  4 ugly things
  An orc knight (Orc:1)
  13 fauns
  3 orc sorcerers
  A shining eye (shapeshifter) (D:13)
  5 salamanders
  8 cyclopes
  10 manticores
  9 elephants
  4 water nymphs
  A black mamba (shapeshifter) (D:13)
  A merfolk siren (Shoals:1)
  21 black mambas
  A guardian serpent (Snake:1)
  3 naga magi (Snake:1)
  3 gargoyles
  13 spiny frogs
  7 komodo dragons
  2 freezing wraiths
  13 merfolk
  13 trolls
  2 tengu conjurers (D:15)
  3 meliai (D:15)
  3 polar bears
  3 hornets (Lair:6)
  A meliai zombie (D:9)
  A queen bee (D:8)
  Prince Ribbit (D:7)
  17 dream sheep
  13 slime creatures
  7 hippogriffs
  11 blink frogs
  A blink frog (shapeshifter) (D:15)
  4 snapping turtles
  2 water elementals
  2 vampires
  6 wyverns
  A spriggan (Lair:5)
  4 basilisks
  17 humans (D:13)
  25 yaks
  2 hogs (Snake:1)
  5 large abominations (D:9)
  2 hungry ghosts
  A basilisk (shapeshifter) (D:15)
  A steam dragon (D:10)
  Menkaure (D:6)
  2 vampire mosquitoes (D:11)
  A soldier ant (D:11)
  A warg (Orc:2)
  12 nagas
  8 porcupines
  16 water moccasins
  9 orc warriors
  3 ice beasts
  2 black bears
  2 phantoms
  A necrophage (D:14)
  4 boggarts (D:15)
  23 ogres
  3 sky beasts
  13 centaurs
  3 eyes of draining
  16 wolves
  5 crocodiles
  2 big kobolds
  11 bullfrogs
  A wyvern zombie (D:8)
  7 small abominations (D:9)
  3 scorpions
  A wyvern skeleton (D:14)
  26 killer bees
  3 wights (D:14)
  9 howler monkeys
  3 electric eels (Snake:1)
  6 crimson imps
  2 bullfrog zombies
  3 centaur zombies
  2 quasits
  8 orc priests
  2 centaur skeletons
  8 hounds
  6 jellies
  6 bullfrog skeletons
  Ijyb (D:5)
  4 iguanas
  19 orc wizards
  5 worker ants
  3 hound skeletons
  A worker ant zombie (D:5)
  7 adders
  6 gnolls
  A howler monkey skeleton (D:5)
  A shadow imp (D:15)
  2 oozes (Lair:5)
  2 adder skeletons
  4 worms
  4 dart slugs
  8 leopard geckos
  58 orcs
  2 bat zombies (D:5)
  10 giant cockroaches
  9 goblins
  12 hobgoblins
  9 jackals
  4 quokkas
  2 ball pythons (D:3)
  3 bats
  3 frilled lizards
  17 kobolds
  A leopard gecko skeleton (D:5)
  A leopard gecko zombie (D:6)
  8 rats
  2 rat zombies (D:5)
805 creatures vanquished.

Vanquished Creatures (collateral kills)
  A water nymph (Shoals:2)
  A hobgoblin (D:2)
2 creatures vanquished.

Vanquished Creatures (others)
  A harpy (Shoals:3)
  A water nymph (Shoals:3)
  A human (Snake:1)
  A jelly (D:7)
  3 fungi
  27 plants
34 creatures vanquished.

Grand Total: 841 creatures vanquished

Notes
Turn   | Place    | Note
-------+----------+-------------------------------------------
     0 | D:1      | DogServant the Merfolk Transmuter began the quest for the
                  | Orb.
     0 | D:1      | Reached XP level 1. HP: 15/15 MP: 3/3
    58 | D:1      | Reached XP level 2. HP: 6/21 MP: 3/5
   569 | D:1      | Reached skill level 4 in Unarmed Combat
   569 | D:1      | Reached XP level 3. HP: 23/26 MP: 6/6
  1091 | D:2      | Learned a level 2 spell: Sticks to Snakes
  1636 | D:2      | Reached XP level 4. HP: 32/32 MP: 5/7
  1701 | D:2      | Learned a level 3 spell: Spider Form
  1937 | D:3      | Noticed an ice beast
  2089 | D:3      | Noticed a black bear
  2128 | D:3      | Reached skill level 7 in Unarmed Combat
  2128 | D:3      | Reached XP level 5. HP: 37/37 MP: 8/8
  2139 | D:3      | Killed a black bear
  2139 | D:3      | Reached XP level 6. HP: 43/43 MP: 6/9
  2355 | D:4      | Found a radiant altar of Vehumet.
  2416 | D:4      | Found a shimmering altar of Xom.
  2418 | D:4      | Found an iron altar of Okawaru.
  2421 | D:4      | Found a glowing golden altar of the Shining One.
  2497 | D:4      | Reached XP level 7. HP: 37/49 MP: 6/10
  2550 | D:4      | Reached skill level 8 in Unarmed Combat
  2956 | D:4      | Found a staircase to the Ecumenical Temple.
  3071 | D:5      | Entered Level 5 of the Dungeon
  3078 | D:5      | Noticed Ijyb
  3095 | D:5      | Killed Ijyb
  3477 | D:5      | Found a blossoming altar of Fedhas.
  3486 | D:5      | Reached XP level 8. HP: 53/57 MP: 7/11
  3591 | D:5      | Found a hazy altar of Hepliaklqana.
  3673 | D:5      | Found a runed translucent door.
  3676 | D:5      | Noticed Cykl0x's ghost (novice FoFi)
  3724 | D:5      | Found an ancient bone altar of Kikubaaqudgha.
  3880 | D:3      | Found a runed translucent door.
  3881 | D:3      | Noticed Crazy Yiuf
  4556 | D:3      | Found a basalt altar of Yredelemnul.
  4796 | D:6      | Noticed Menkaure
  4805 | D:5      | Learned a level 5 spell: Blade Hands
  4810 | D:6      | Killed Menkaure
  4986 | D:6      | Found a sparkling altar of Nemelex Xobeh.
  4987 | D:6      | Identified Ryrch's Catalogue of Nocuous Shape Shifting
  5002 | D:6      | Found a glowing silver altar of Zin.
  5232 | D:6      | Reached XP level 9. HP: 57/65 MP: 9/13
  5318 | D:6      | Found an opulent altar of Gozag.
  5544 | D:6      | Reached skill level 9 in Unarmed Combat
  6223 | D:7      | Noticed Prince Ribbit
  6242 | D:7      | Killed Prince Ribbit
  6454 | Temple   | Entered the Ecumenical Temple
  6563 | Temple   | Became a worshipper of Uskayaw the Reveler
  6723 | D:7      | Found a shattered altar of Ashenzari.
  6743 | D:7      | Reached * piety under Uskayaw
  6857 | D:7      | Noticed Pikel
  6865 | D:7      | Killed Pikel
  6865 | D:7      | Reached skill level 5 in Fighting
  6865 | D:7      | Reached XP level 10. HP: 68/74 MP: 12/16
  6865 | D:7      | Reached ** piety under Uskayaw
  6930 | D:7      | Reached *** piety under Uskayaw
  6932 | D:7      | Reached **** piety under Uskayaw
  6938 | D:7      | Found a bloodstained altar of Trog.
  6945 | D:7      | Reached skill level 10 in Transmutations
  6945 | D:7      | Reached ***** piety under Uskayaw
  7084 | D:8      | Reached ****** piety under Uskayaw
  7424 | D:8      | Reached skill level 5 in Invocations
  7655 | D:8      | Learned a level 4 spell: Olgreb's Toxic Radiance
  7735 | D:8      | Noticed Gastronok
  8155 | D:8      | Found Tetob's Jewellery Shoppe.
  8201 | D:8      | Reached skill level 10 in Unarmed Combat
  8561 | D:9      | Found a hazy altar of Hepliaklqana.
  9025 | D:9      | Reached XP level 11. HP: 74/79 MP: 7/17
  9498 | D:9      | Noticed a wizard
  9511 | D:9      | Killed a wizard
  9990 | D:9      | Found a staircase to the Orcish Mines.
 10068 | D:10     | Entered Level 10 of the Dungeon
 10068 | D:10     | Noticed a two-headed ogre
 10080 | D:10     | Killed a two-headed ogre
 10147 | D:10     | Noticed a two-headed ogre
 10222 | D:10     | Killed a two-headed ogre
 10222 | D:10     | Reached skill level 10 in Dodging
 10889 | D:10     | Reached skill level 11 in Unarmed Combat
 11300 | D:11     | Found Amottouri's Antique Weapon Boutique.
 11338 | D:11     | Noticed a green ugly thing
 11339 | D:11     | Noticed a catoblepas
 11340 | D:11     | Noticed a manticore
 11346 | D:11     | Found a staircase to the Lair.
 11350 | Lair:1   | Entered Level 1 of the Lair of Beasts
 11511 | D:11     | Noticed Fannar
 11522 | D:11     | Killed Fannar
 11522 | D:11     | Reached XP level 12. HP: 89/89 MP: 18/18
 12150 | D:11     | Killed a catoblepas
 12354 | Lair:1   | You fall into a shaft and drop 1 floor!
 12372 | Lair:2   | Noticed a seven-headed hydra
 12382 | Lair:2   | Killed a 12-headed hydra
 12663 | Lair:1   | Noticed a six-headed hydra
 12672 | Lair:1   | Killed a six-headed hydra
 13590 | Lair:2   | Got a sparkling turquoise ring
 13593 | Lair:2   | Identified the ring "Sotieh" {rElec MR+ Int+4 Stlth+} (You
                  | found it on level 2 of the Lair of Beasts)
 13600 | Lair:2   | Learned a level 2 spell: Blink
 13621 | Lair:2   | Noticed an eight-headed hydra
 13627 | Lair:2   | Killed an 11-headed hydra
 14518 | Lair:3   | Noticed a seven-headed hydra
 14525 | Lair:3   | Killed an 11-headed hydra
 14525 | Lair:3   | Reached skill level 12 in Unarmed Combat
 14525 | Lair:3   | Reached XP level 13. HP: 11/98 MP: 17/20
 14527 | Lair:3   | HP: 1/98 [porcupine's spines (11)]
 14935 | Lair:3   | Reached skill level 5 in Spellcasting
 15121 | Lair:3   | Found a staircase to the Shoals.
 15425 | Lair:3   | You fall into a shaft and drop 1 floor!
 15772 | Lair:4   | You fall into a shaft and drop 2 floors!
 15772 | Lair:6   | Entered Level 6 of the Lair of Beasts
 16044 | Lair:6   | Reached skill level 10 in Invocations
 16376 | Lair:5   | Found a staircase to the Slime Pits.
 17070 | Lair:6   | Reached skill level 13 in Unarmed Combat
 17134 | Lair:6   | Learned a level 6 spell: Statue Form
 17197 | Lair:6   | Reached skill level 1 in Earth Magic
 17304 | Lair:6   | Reached XP level 14. HP: 88/106 MP: 20/23
 17314 | Lair:6   | Got an ancient scale mail
 18515 | Lair:4   | Found a staircase to the Snake Pit.
 18618 | Lair:4   | Noticed Sonja
 18625 | Lair:4   | Noticed Rupert
 18633 | Lair:4   | Killed Sonja
 18658 | Lair:4   | Killed Rupert
 19595 | Orc:1    | Entered Level 1 of the Orcish Mines
 19783 | Orc:1    | Identified the cursed +0 scale mail of Qasoing {-Tele rC+
                  | rN+ Dex+3} (You found it on level 6 of the Lair of Beasts)
 19805 | Orc:1    | Found a roughly hewn altar of Beogh.
 19881 | Orc:1    | Found a transporter.
 19881 | Orc:1    | Identified the cursed +2 great mace "Ridogy" {pain, SInv}
 19881 | Orc:1    | Noticed Thomus's ghost (journeyman DECj)
 19885 | Orc:1    | Found a transporter.
 19989 | Orc:1    | Reached skill level 1 in Evocations
 20012 | Orc:1    | Found a roughly hewn altar of Beogh.
 20248 | Orc:2    | Entered Level 2 of the Orcish Mines
 20323 | Orc:2    | Found Qeqydet's Magic Scroll Boutique.
 20324 | Orc:2    | Found Figupega's Food Emporium.
 20337 | Orc:2    | Reached skill level 10 in Fighting
 20349 | Orc:2    | Reached skill level 5 in Earth Magic
 20455 | Orc:2    | Found a staircase to the Elven Halls.
 20662 | D:8      | Bought the ring of Impacog {+Fly rN++ Int-5 Slay+4} for 958
                  | gold pieces
 20830 | Orc:2    | Found Laipnu Litho's Magic Scroll Shoppe.
 20935 | Orc:2    | Found Vibosi's Magic Scroll Emporium.
 20944 | Orc:2    | Bought 3 scrolls of teleportation for 117 gold pieces
 21275 | Orc:1    | Found Engos's General Store.
 21286 | Orc:1    | Bought a scroll of teleportation for 45 gold pieces
 21326 | Orc:2    | Bought a scroll of blinking for 90 gold pieces
 21587 | Lair:5   | Reached XP level 15. HP: 33/117 MP: 19/25
 22490 | D:12     | Found Tuihaq's Distillery.
 22511 | D:12     | Bought a potion of heal wounds for 75 gold pieces
 22511 | D:12     | Bought 2 potions of heal wounds for 150 gold pieces
 22511 | D:12     | Bought a potion of heal wounds for 75 gold pieces
 22511 | D:12     | Bought a potion of heal wounds for 75 gold pieces
 23162 | D:13     | Reached skill level 5 in Evocations
 23192 | D:13     | Got a warped amber ring
 23700 | D:13     | Found a gate to the Vaults.
 25004 | D:14     | Noticed Louise
 25017 | D:14     | Killed Louise
 25026 | D:14     | Noticed Nessos
 25031 | D:14     | Killed Nessos
 25352 | D:14     | Reached skill level 14 in Unarmed Combat
 25451 | D:15     | Entered Level 15 of the Dungeon
 25766 | D:15     | Identified the ring "Lucranem" {rPois Int+2} (You found it
                  | on level 13 of the Dungeon)
 26023 | D:15     | Got a dazzling scale mail
 26034 | D:15     | Identified the +3 scale mail of the Illusory Curses {+Inv
                  | rC- Str-2 Int+9} (You found it on level 15 of the Dungeon)
 26219 | D:15     | Reached XP level 16. HP: 115/125 MP: 23/27
 26416 | D:15     | Found a staircase to the Depths.
 27299 | Orc:2    | Bought a scroll of identify for 24 gold pieces
 27299 | Orc:2    | Bought a scroll of enchant armour for 90 gold pieces
 27311 | Orc:2    | Bought a scroll of teleportation for 36 gold pieces
 27534 | Shoals:1 | Entered Level 1 of the Shoals
 29141 | Shoals:2 | Noticed Polyphemus
 29498 | Shoals:2 | Killed Polyphemus
 29610 | Shoals:2 | Reached skill level 15 in Unarmed Combat
 29655 | Shoals:2 | Identified the cursed -4 pair of gloves "Ycral" {rElec rC+
                  | SInv}
 29655 | Shoals:2 | Noticed Nikola
 29690 | Shoals:2 | Killed Nikola
 30686 | D:12     | Bought a potion of heal wounds for 75 gold pieces
 30686 | D:12     | Bought a potion of mutation for 120 gold pieces
 30686 | D:12     | Gained mutation: You are robust. (+10% HP) [potion of
                  | mutation]
 30686 | D:12     | Gained mutation: You are partially covered in icy blue
                  | scales. (AC +2) [potion of mutation]
 30686 | D:12     | Gained mutation: Your muscles are strong. (Str +2) [potion
                  | of mutation]
 30686 | D:12     | Gained mutation: Your flesh is heat resistant. (rF+)
                  | [potion of mutation]
 30844 | Snake:1  | Entered Level 1 of the Snake Pit
 30871 | Snake:1  | Reached skill level 1 in Shields
 31072 | Snake:1  | Reached XP level 17. HP: 127/146 MP: 26/30
 31220 | Snake:1  | Noticed Asterion
 31226 | Snake:1  | Killed Asterion
 31560 | Snake:1  | Noticed Frances
 31561 | Snake:1  | Noticed Kirke
 31579 | Snake:1  | Killed Frances
 31579 | Snake:1  | Reached skill level 10 in Earth Magic
 31583 | Snake:1  | Killed Kirke
 32350 | Snake:1  | Learned a level 5 spell: Alistair's Intoxication
 32403 | Snake:2  | Noticed Vashnia
 32568 | Snake:2  | Killed Vashnia
 32571 | Snake:2  | HP: 3/146 [naga sharpshooter/arrow[Vashnia] (17)]
 32572 | Snake:2  | Shot with an arrow by a naga sharpshooter

Illustrated notes

Levels and vault maps discovered:
D:1:      dpeg_arrival_castle, layout_rooms
D:2:      layout_loops_ring, minmay_3d_cube
D:3:      layout_basic, lemuel_coloured_pillars_altar, first_ration,
          amethyst_killhole, uniq_crazy_yiuf_cottage
D:4:      layout_basic, lemuel_doored_altar, minitemple, temple_statues,
          eino_small_chamber_without_monster
D:5:      layout_rooms, fedhas_bush_and_centaur_altar,
          lemuel_zombie_altar_kikubaaqudgha, kennysheep_mini,
          ebering_ghost_reflecting_pool, serial_bayou_crossing, uniq_ijyb
D:6:      layout_cave_pools, lemuel_crystal_altar, overflow_temple_1_default,
          nemelex_xobeh_ov_fountains_minmay, uniq_menkaure
D:7:      layout_loops_cross, cheibrodos_ashenzari_chains,
          trog_eyes_of_draining, uniq_pikel, uniq_prince_ribbit1
D:8:      layout_loops_corners, serial_shops, shop, david_nohive_1,
          uniq_gastronok
D:9:      layout_long_grid, orc_0_dummy, basic_altar, laboratory
D:10:     layout_loops_cross, grunt_ministairs_2
D:11:     nzn_motion_control, layout_stronghold, lair_entry_dummy, serial_shops,
          shop, uniq_fannar
D:12:     layout_basic, serial_shops, shop
D:13:     layout_roguey, grunt_vaults_entry_tiered
D:14:     layout_basic, serial_park_gazebo [serial_park_minivault_5x5_3],
          gauntlet_entry_generic, uniq_nessos, uniq_louise
D:15:     gammafunk_enter_depths_forms, layout_basic,
          chequers_serial_rivers_room_a, serial_park_tiny_pond
Temple:   nicolae_temple_figure_zero
Lair:1:   layout_roguey, lemuel_fruit_tree
Lair:2:   beast_lair_carwin_large_2, layout_small_grid
Lair:3:   layout_concentric_octagons, shoals_dummy_entry, grunt_megastairs_3,
          infiniplex_staircase_pool_2
Lair:4:   layout_regular_city, minmay_snake_entry_guardpost_small,
          serial_forest, infiniplex_forest_lined_3, infiniplex_forest_clump_C,
          infiniplex_forest_fountain, infiniplex_forest_end_1,
          infiniplex_forest_straight_2, infiniplex_forest_end_3,
          infiniplex_forest_diagonal, infiniplex_forest_clump_medium,
          infiniplex_forest_end_1, uniq_rupert, uniq_sonja
Lair:5:   layout_cave_pods, nicolae_slime_entry_slimehenge,
          grunt_forest_large_clearing_hut, serial_bayou_shore_b
Lair:6:   gammafunk_lair_ancient_temple, layout_long_grid, serial_bayou_pond_a
Shoals:1: layout_shoals
Shoals:2: layout_shoals, uniq_nikola, uniq_polyphemus
Shoals:3: layout_shoals, lemuel_oklob_altar
Snake:1:  layout_onion, hangedman_snake_corridor_split, grunt_megastairs_2,
          serial_bayou_shore_a, uniq_frances, uniq_kirke, uniq_asterion
Snake:2:  layout_honeycomb, nicolae_coiled_stairwell_up, uniq_vashnia,
          uniq_roxanne
Orc:1:    layout_diamond_mine, gammafunk_ghost_smash, basic_altar, serial_shops,
          shop_fountains, mines1_david
Orc:2:    st_orc_open, layout_diamond_mine

Skill      XL: |  1  2  3  4  5  6  7  8  9 10 11 12 13 14 15 16 17 |
---------------+----------------------------------------------------+-----
Dodging        | 3 8 9 10 11 13 | 13.0
Transmutations | 3 8 9 10 11 13 14 | 14.3
Unarmed Combat | 4 7 8 9 10 11 12 13 14 15 | 15.2
Poison Magic   | 6 7 |  7.0
Fighting       | 2 4 5 6 8 10 11 | 11.7
Spellcasting   | 3 4 6 7 9 |  9.1
Invocations    | 2 6 7 9 10 11 | 11.0
Earth Magic    | 1 5 7 9 10 | 10.9
Evocations     | 4 6 7 |  7.2
Shields        | 3 4 |  4.0

Action                   |  1- 3 |  4- 6 |  7- 9 | 10-12 | 13-15 | 16-18 || total
-------------------------+-------+-------+-------+-------+-------+-------++-------
Melee: Unarmed           |   120 |    89 |   304 |   413 |   807 |   474 ||  2207
       Headbutt          |    13 |     4 |     4 |       |       |     2 ||    23
       Punch             |     2 |     2 |    11 |    18 |    55 |    42 ||   130
       Tailslap          |       |       |       |       |    11 |    23 ||    34
Throw: Javelin           |     6 |       |     5 |       |       |       ||    11
 Cast: Beastly Appendage |    18 |     6 |     6 |       |       |     3 ||    33
       Sticks to Snakes  |     1 |       |       |       |     4 |     1 ||     6
       Spider Form       |       |     5 |    21 |       |       |       ||    26
       Blade Hands       |       |       |    19 |    64 |   102 |    61 ||   246
       Olgreb's Toxic Ra |       |       |       |     2 |       |       ||     2
       Statue Form       |       |       |       |       |     1 |     3 ||     4
Invok: Stomp             |       |       |       |     3 |     6 |     1 ||    10
       Line Pass         |       |       |       |     1 |     1 |       ||     2
Evoke: Wand              |       |       |       |     5 |    25 |     1 ||    31
  Use: Scroll            |       |     7 |     1 |    21 |    25 |     7 ||    61
       Potion            |       |     2 |     2 |     2 |     6 |    17 ||    29
 Stab: Paralysed         |       |       |       |    30 |    79 |    47 ||   156
       Sleeping          |       |       |       |     1 |     5 |     1 ||     7
       Confused          |       |       |       |       |     1 |       ||     1
  Eat: Chunk             |     3 |     3 |    22 |    27 |    46 |    22 ||   123
       Ration            |       |       |     1 |     7 |     8 |     5 ||    21
Armor: Robe              |    25 |     8 |    37 |    42 |       |       ||   112
       Skin              |       |     5 |     6 |       |    15 |       ||    26
       Troll leather arm |       |       |       |    47 |    95 |    59 ||   201
Dodge: Dodged            |    76 |    57 |   275 |   355 |   752 |   328 ||  1843
Block: Other             |       |       |       |       |     3 |    79 ||    82
       Buckler           |       |       |       |       |       |     3 ||     3
       Reflection        |       |       |       |       |       |     6 ||     6
